 Dungeon Crawl Stone Soup version 0.27-a0-906-g0a00ce863d (webtiles) character file.

Game seed: 1679351255488896342

82 nicknak712 the Skirmisher (level 4, -2/36 HPs)
             Began as a Demonspawn Berserker on Apr 6, 2021.
             Was a Believer of Trog.
             Slain by a gnoll
             ... wielding a +0 club
              (7 damage)
             ... while paralysed
             ... on level 2 of the Dungeon.
             The game lasted 00:19:40 (3757 turns).

nicknak712 the Skirmisher (Demonspawn Berserker)    Turns: 3757, Time: 00:19:41

Health: -2/36      AC:  3    Str: 19    XL:     4   Next: 21%
Magic:  4/4        EV:  2    Int:  8    God:    Trog [**....]
Gold:   75         SH:  0    Dex: 12    Spells: 3/3 levels left

rFire    . . .     SeeInvis .     - Unarmed
rCold    . . .     Faith    .   (no shield)
rNeg     . . .     Spirit   .   e - +0 leather armour
rPois    .         Reflect  .   (no helmet)
rElec    .         Harm     .   (no cloak)
rCorr    .         Rampage  .   (no gloves)
Will     .....                  (no boots)
Stlth    +.........             (no amulet)
HPRegen  0.12/turn              (no ring)
MPRegen  0.09/turn              (no ring)

@: paralysed, on berserk cooldown, slowed
A: claws 1, powered by pain 1
a: Renounce Religion, Berserk, Trog's Hand


You were on level 2 of the Dungeon.
You worshipped Trog.
Trog was pleased with you.
You visited 1 branch of the dungeon, and saw 2 of its levels.

You collected 75 gold pieces.

Inventory:

Hand Weapons
 a - a +0 mace
Missiles
 d - 44 stones (quivered)
 h - 32 poisoned darts
Armour
 b - a +0 animal skin
 e - a +0 leather armour (worn)
Scrolls
 c - a scroll of noise {unknown}
 f - a scroll of fear {unknown}
 g - 6 scrolls of identify {unknown}
 i - a scroll of enchant armour {unknown}


   Skills:
 + Level 3.6 Fighting
 - Level 3.0 Maces & Flails
 + Level 2.3 Armour
 + Level 2.4 Dodging
 * Level 1.5 Unarmed Combat


You had 3 spell levels left.
You didn't know any spells.
Your spell library was empty.

Dungeon Overview and Level Annotations

Branches:
Dungeon (2/15)

Altars:

Shops:
D:1 [:*?


Innate Abilities, Weirdness & Mutations

You have sharp fingernails.
You sometimes gain a little power by taking damage.


Message History

You barely miss the gnoll.
The gnoll is severely wounded.
The gnoll hits you from afar with a +0 halberd.
The gnoll hits you with a +0 spear.
* * * LOW HITPOINT WARNING * * *
The gnoll splashes around in the water.
You barely miss the gnoll.
The gnoll is severely wounded.
The rat bites you but does no damage. The gnoll barely misses you.
The gnoll hits you with a +0 spear.
* * * LOW HITPOINT WARNING * * *
You claw the gnoll!
You kill the gnoll!
Trog accepts your kill.
The gnoll splashes around in the water.
The rat splashes around in the water.
You have reached level 4!
You feel stronger.
Your demonic ancestry asserts itself...
You feel energised by your suffering.
You claw the gnoll!
You kill the gnoll!
Trog accepts your kill. The gnoll barely misses you.
You scratch the rat.
The rat is severely wounded.
You claw the rat!
You kill the rat!
Trog accepts your kill. The gnoll barely misses you.
You are too berserk!
What are your orders? t - Shout!
Anything else - Cancel.
Okay, then.
You are too berserk!
You are too berserk!
You are too berserk!
You are too berserk!
You are no longer berserk.
You pass out from exhaustion.
You feel yourself slow down. The gnoll hits you with a +0 club!
You die...

### ..# ##+###.#
#≈.≈≈#.#
#≈.#g@.##########
+.#.g#...##.....##
#≈≈.≈#...........##
###+##............#
................#
..........<......#
#................#
#................##
#.................###


You could see 2 gnolls.

Vanquished Creatures
  2 gnolls (D:2)
  An adder (D:2)
  2 worms (D:2)
  A dart slug (D:2)
  3 bats
  An endoplasm (D:1)
  2 giant cockroaches
  4 goblins
  4 hobgoblins
  4 jackals (D:2)
  2 quokkas (D:1)
  8 ball pythons
  A frilled lizard (D:2)
  5 kobolds
  5 rats
45 creatures vanquished.

Notes
Turn   | Place    | Note
-------+----------+-------------------------------------------
     0 | D:1      | nicknak712 the Demonspawn Berserker began the quest for the
                  | Orb.
     0 | D:1      | Reached XP level 1. HP: 18/18 MP: 1/1
   371 | D:1      | Found Furuenn's Antique Armour Shoppe.
   560 | D:1      | Gained mutation: You have sharp fingernails. [demonic
                  | ancestry]
   560 | D:1      | Reached XP level 2. HP: 19/24 MP: 2/2
   957 | D:1      | Found Heusih's Book Shoppe.
  1247 | D:1      | Found Esoc's General Store.
  1265 | D:1      | Found Near's Magic Scroll Shoppe.
  1555 | D:2      | HP: 1/36 [ball python (1)]
  1879 | D:2      | Reached XP level 3. HP: 29/29 MP: 3/3
  1949 | D:2      | Found a faded altar of an unknown god.
  2665 | D:2      | Reached skill level 1 in Unarmed Combat
  3227 | D:2      | Reached ** piety under Trog
  3753 | D:2      | Gained mutation: You sometimes gain a little power by
                  | taking damage. [demonic ancestry]
  3753 | D:2      | Reached XP level 4. HP: 7/35 MP: 4/4
  3757 | D:2      | Slain by a gnoll

Illustrated notes

Levels and vault maps discovered:
D:1:      minmay_arrival_stair_chambers, layout_rooms, serial_shops, shop,
          shop_statue, shop, shop, minmay_tetromino_s4
D:2:      layout_rooms, shapermc_ecumenical_altar_venn, kennysheep_nub,
          kennysheep_generic_room_14

Skill      XL: |  1  2  3 |
---------------+----------+-----
Maces & Flails | 3 |  3.0
Dodging        | 2 |  2.4
Armour         | 2 |  2.3
Unarmed Combat | 1 |  1.5
Fighting       | |  3.6

Action                   |  1- 3 |  4- 6 || total
-------------------------+-------+-------++-------
Melee: Mace              |    51 |       ||    51
       Unarmed           |   158 |     3 ||   161
Invok: Berserk           |     8 |       ||     8
 Stab: Sleeping          |     1 |       ||     1
Armor: Leather armour    |    53 |       ||    53
       Animal skin       |    10 |       ||    10
Dodge: Dodged            |   164 |     2 ||   166

Table legend: (Time is in decaauts)
 A = Elapsed time spent in this place.
 B = Non-inter-level travel time spent in this place.
 C = Inter-level travel time spent in this place.
 D = Time resting spent in this place.
 E = Time spent auto-exploring this place.
 F = Levels seen in this place.
 G = Mean time per level.
                   A        B        C        D        E       F      G
               +--------+--------+--------+--------+--------+-----+--------+
         Total |   3833 |   3807 |     26 |      0 |    743 |   2 | 1916.5 |
       Dungeon |   3833 |   3807 |     26 |      0 |    743 |   2 | 1916.5 |
               +--------+--------+--------+--------+--------+-----+--------+

Top non-repeatable levels by time:
     D:2: 2302 daAuts
     D:1: 1531 daAuts
